[Event "Titled Tuesday Blitz March 08 Late 2022"]
[White "Kamsky, Gata"]
[Black "Molenda, Marcin"]
[WhiteFideId "2000024"]
[BlackFideId "1173065"]
[WhiteElo "2645"]
[BlackElo "2067"]
[Result "0-1"]
[Round "01"]
[TimeControl "180+1"]
[Date "2022.03.08"]
[WhiteClock "0:00:06"]
[BlackClock "0:01:18"]

1. e4 c5 2. Nf3 e6 3. d4 cxd4 4. Nxd4 Nc6 5. Nb5 d6 6. c4 Nf6 7. N1c3 a6 8. Nd4 Qc7 9. Be2 Be7 10. O-O O-O 11. Be3 Nb8 12. Rc1 Nbd7 13. Qd2 b6 14. Rfd1 Bb7 15. f3 Rac8 16. Bf1 Rfd8 17. Qf2 Qb8 18. a3 Bf8 19. b4 d5 20. cxd5 exd5 21. Nxd5 Nxd5 22. exd5 Bxd5 23. Bxa6 Rxc1 24. Rxc1 Qa8 25. Bd3 Qxa3 26. Bf5 Nf6 27. Nb5 Qxb4 28. Rb1 Qa4 29. Nc3 Qa3 30. Qb2 Qxb2 31. Rxb2 Bc5 32. Bxc5 bxc5 33. Na4 c4 34. Rd2 g6 35. Be4 Ra8 36. Bxd5 Nxd5 37. Rxd5 Rxa4 38. Rc5 Ra1+ 39. Kf2 Rc1 40. g4 Kg7 41. g5 h6 42. h4 hxg5 43. hxg5 Kf8 44. Rc7 c3 45. Kg2 c2 46. Kh2 Ke8 47. Kg2 Kd8 48. Rc4 Kd7 49. Rc3 Kd6 50. Rc8 Ke5 51. Rc4 Kf5 52. Rc5+ Kf4 53. Rc4+ Kxg5 54. Kh2 Kf5 55. Kg2 Ke5 56. Rc8 f5 57. Rc6 g5 58. Rc4 Kd5 59. Rc7 Kd4 60. Rc8 Ke3 61. Re8+ Kf4 62. Rc8 g4 63. Rc4+ Kg5 64. fxg4 f4 65. Rc8 Kxg4 66. Rc4 Kf5 67. Kh2 f3 0-1


[Site "https://www.chess.com"]

[Event "Titled Tuesday Blitz March 08 Late 2022"]
[White "Kanyamarala, Tarun"]
[Black "Vine, Elzbieta"]
[WhiteFideId "45004714"]
[BlackFideId "1119320"]
[WhiteElo "2075"]
[BlackElo "1823"]
[Result "1-0"]
[Round "01"]
[TimeControl "180+1"]
[Date "2022.03.09"]
[WhiteClock "0:00:57"]
[BlackClock "0:00:01"]

1. e4 c5 2. Nf3 d6 3. Bb5+ Nc6 4. Bxc6+ bxc6 5. e5 g6 6. exd6 exd6 7. O-O Bg7 8. Re1+ Be6 9. d4 Nf6 10. Ng5 O-O 11. Rxe6 fxe6 12. Nxe6 Qe7 13. Nxf8 Rxf8 14. Nc3 cxd4 15. Ne2 c5 16. Ng3 Re8 17. Bg5 Qe5 18. Bxf6 Bxf6 19. Qf3 d5 20. h3 Kg7 21. a3 Rf8 22. Qg4 Rf7 23. Kf1 d3 24. c3 d2 25. Rd1 Re7 26. Qe2 Qf4 27. Qxd2 Qxd2 28. Rxd2 d4 29. cxd4 Bxd4 30. Ne2 Be5 31. Rc2 Bd6 32. Nc3 a6 33. Rd2 Re6 34. g3 Kf7 35. h4 Ke7 36. Nd5+ Kf7 37. Rc2 Re5 38. Nb6 Rf5 39. Nc4 Bxg3 40. Kg2 Bxh4 41. Nd6+ Ke6 42. Nxf5 1-0


[Site "https://www.chess.com"]

[Event "Titled Tuesday Blitz March 08 Late 2022"]
[White "Karas, Marek"]
[Black "Chigaev, Maksim"]
[WhiteFideId "14928558"]
[BlackFideId "4108116"]
[WhiteElo "2271"]
[BlackElo "2502"]
[Result "1-0"]
[Round "01"]
[TimeControl "180+1"]
[Date "2022.03.08"]
[WhiteClock "0:01:29"]
[BlackClock "0:00:51"]

1. d4 Nf6 2. Bf4 d6 3. Nc3 Nbd7 4. Nf3 c5 5. e3 g6 6. h3 Bg7 7. Be2 O-O 8. O-O a6 9. a4 b6 10. Bh2 Bb7 11. d5 Rb8 12. e4 Ne8 13. Re1 Nc7 14. Bf1 Ba8 15. e5 Nxe5 16. Nxe5 dxe5 17. Bxe5 Bxe5 18. Rxe5 Qd6 19. Qe1 e6 20. dxe6 Nxe6 21. Rd1 Nd4 22. Bxa6 Qf6 23. Nd5 Bxd5 24. Rxd5 Nxc2 25. Qe5 Qxe5 26. Rxe5 Nd4 27. Bc4 Kg7 28. Rde1 Nc6 29. Rd5 Rfe8 30. Rxe8 Rxe8 31. Rd6 Re1+ 32. Kh2 Ne5 33. Bb5 Rb1 34. f4 Nf3+ 35. gxf3 Rxb2+ 36. Kg3 h5 37. h4 Rb4 38. Rxb6 1-0


[Site "https://www.chess.com"]

[Event "Titled Tuesday Blitz March 08 Late 2022"]
[White "Karttunen, Mika"]
[Black "Avazkhonov, Alikhon"]
[WhiteFideId "502081"]
[BlackFideId "14208504"]
[WhiteElo "2682"]
[BlackElo "2373"]
[Result "0-1"]
[Round "01"]
[TimeControl "180+1"]
[Date "2022.03.09"]
[WhiteClock "0:00:14"]
[BlackClock "0:00:03"]

1. e4 c6 2. d4 d5 3. e5 c5 4. dxc5 e6 5. Nf3 Bxc5 6. Bd3 Nc6 7. O-O f6 8. Qe2 fxe5 9. Nxe5 Nf6 10. Nd2 Nxe5 11. Qxe5 O-O 12. Nf3 Bd6 13. Qg5 Qc7 14. c4 e5 15. c5 Qxc5 16. Be3 d4 17. Rac1 Qb6 18. Bc4+ Kh8 19. Bd2 e4 20. Ne5 Bxe5 21. Qxe5 Bg4 22. Bg5 Rae8 23. Qg3 Be6 24. b3 Bxc4 25. Rxc4 d3 26. Be3 Qe6 27. Rc7 Re7 28. Bd4 Rxc7 29. Qxc7 Qc6 30. Qg3 a6 31. h3 h6 32. Qe5 Qd5 33. Qxd5 Nxd5 34. Rc1 Nf4 35. Kf1 Ne2 36. Rc4 Nxd4 37. Rxd4 Rc8 38. f3 Rc1+ 39. Kf2 Rc2+ 40. Kg3 d2 41. fxe4 Rxa2 42. Kf2 d1=Q+ 43. Ke3 Qxb3+ 44. Kf4 Qe6 0-1


[Site "https://www.chess.com"]

[Event "Titled Tuesday Blitz March 08 Late 2022"]
[White "Khabinets, Ivan"]
[Black "Indjic, Aleksandar"]
[WhiteFideId "14115980"]
[BlackFideId "911925"]
[WhiteElo "2114"]
[BlackElo "2616"]
[Result "0-1"]
[Round "01"]
[TimeControl "180+1"]
[Date "2022.03.08"]
[WhiteClock "0:00:22"]
[BlackClock "0:01:11"]

1. e4 c6 2. d4 d5 3. e5 c5 4. dxc5 e6 5. a3 Bxc5 6. Nf3 Ne7 7. b4 Bb6 8. Bb2 a5 9. Bd3 Na6 10. c3 Ng6 11. O-O O-O 12. Re1 Nf4 13. Bf1 f6 14. exf6 Qxf6 15. Nbd2 e5 16. Rxe5 Bg4 17. c4 Bc7 18. Qc2 Bxe5 19. Nxe5 Ne2+ 20. Bxe2 Qxf2+ 21. Kh1 Bxe2 22. cxd5 Rac8 23. Qe4 Bh5 24. Nec4 axb4 25. axb4 Nxb4 26. Bd4 Qe2 27. Be3 Rce8 28. Qh4 Nc2 29. Rc1 Nxe3 30. Nxe3 Qxd2 0-1


[Site "https://www.chess.com"]

[Event "Titled Tuesday Blitz March 08 Late 2022"]
[White "Kim, Sergey"]
[Black "Burke, Paul"]
[WhiteFideId "13700570"]
[BlackFideId "2605767"]
[WhiteElo "2541"]
[BlackElo "1875"]
[Result "1-0"]
[Round "01"]
[TimeControl "180+1"]
[Date "2022.03.09"]
[WhiteClock "0:01:04"]
[BlackClock "0:00:03"]

1. d4 Nf6 2. c4 c5 3. d5 Ne4 4. f3 Qa5+ 5. Nd2 Nf6 6. e4 d6 7. b3 g6 8. Bb2 Bg7 9. Qc2 O-O 10. Ne2 Na6 11. a3 Qd8 12. Nc3 h6 13. Bd3 e5 14. O-O Bd7 15. Rab1 b6 16. Ba1 Nh5 17. Ne2 f5 18. exf5 gxf5 19. b4 Qe7 20. b5 Nc7 21. Rbe1 Qf7 22. Qd1 Rae8 23. f4 e4 24. Bc2 Nf6 25. Ng3 a6 26. a4 axb5 27. axb5 e3 28. Nf3 Ng4 29. Bxg7 Qxg7 30. Qd3 Nf2 31. Qe2 Qc3 32. Nh4 Qd4 33. Bxf5 Bxf5 34. Nhxf5 Qxf4 35. Nxe3 Rxe3 36. Qxe3 Qxe3 37. Rxe3 Ng4 38. Rxf8+ Kxf8 39. Re4 Ne5 40. Nf5 Ne8 41. Nxh6 Kg7 42. Nf5+ Kf6 43. g4 Kg5 44. h4+ Kf6 45. h5 Kg5 46. Nxd6 Nxd6 47. Rxe5+ Kxg4 48. h6 Nxc4 49. Re6 1-0


[Site "https://www.chess.com"]

[Event "Titled Tuesday Blitz March 08 Late 2022"]
[White "Korchmar, Vasiliy"]
[Black "Jakubowska, Anna"]
[WhiteFideId "24131750"]
[BlackFideId "1121952"]
[WhiteElo "2654"]
[BlackElo "2344"]
[Result "1-0"]
[Round "01"]
[TimeControl "180+1"]
[Date "2022.03.09"]
[WhiteClock "0:01:31"]
[BlackClock "0:00:39"]

1. d4 d5 2. Bf4 Nf6 3. e3 c5 4. Nf3 Nc6 5. Nbd2 h6 6. dxc5 e6 7. Nb3 Na5 8. Ne5 Nxb3 9. axb3 Bxc5 10. Bb5+ Nd7 11. Qg4 g5 12. Bg3 a6 13. Qh5 Qe7 14. h4 Rg8 15. Qxh6 f6 16. Qh5+ Kd8 17. Nf7+ Ke8 18. Nh6+ Kf8 19. Nxg8 Kxg8 20. hxg5 fxg5 21. Qh8+ Kf7 22. Rh7+ 1-0


[Site "https://www.chess.com"]

[Event "Titled Tuesday Blitz March 08 Late 2022"]
[White "Kushko, Dmitriy"]
[Black "Butti, Enrique"]
[WhiteFideId "14162261"]
[BlackFideId "3700470"]
[WhiteElo "2225"]
[BlackElo "2080"]
[Result "1-0"]
[Round "01"]
[TimeControl "180+1"]
[Date "2022.03.09"]
[WhiteClock "0:00:11"]
[BlackClock "0:01:01"]

1. Nf3 d5 2. g3 c5 3. Bg2 Nc6 4. O-O Nf6 5. d4 e6 6. c4 dxc4 7. dxc5 Qxd1 8. Rxd1 Bxc5 9. Nbd2 c3 10. bxc3 O-O 11. Nb3 Be7 12. c4 Bd7 13. Bb2 Rfd8 14. Ne5 Nxe5 15. Bxe5 Bc6 16. Bxc6 bxc6 17. Na5 Ng4 18. Nxc6 Nxe5 19. Nxe5 Bf6 20. Rxd8+ Rxd8 21. Nc6 Rd2 22. Rb1 g6 23. e4 Rxa2 24. e5 Bg7 25. f4 Bf8 26. Rb8 Kg7 27. Rb7 Bc5+ 28. Kh1 Rc2 29. Nd8 a5 30. Nxe6+ Kg8 31. Nxc5 Rxc4 32. Nd7 a4 33. Ra7 Rc1+ 34. Kg2 Ra1 35. Kh3 a3 36. Nf6+ Kg7 37. Ne8+ Kf8 38. Nd6 a2 39. Rxf7+ Kg8 40. Ra7 1-0


[Site "https://www.chess.com"]

[Event "Titled Tuesday Blitz March 08 Late 2022"]
[White "Ladan, Nicholas"]
[Black "Kosakowski, Jakub"]
[WhiteFideId "30918855"]
[BlackFideId "1185080"]
[WhiteElo "2381"]
[BlackElo "2701"]
[Result "1/2-1/2"]
[Round "01"]
[TimeControl "180+1"]
[Date "2022.03.09"]
[WhiteClock "0:00:23"]
[BlackClock "0:00:20"]

1. d4 Nf6 2. c4 e6 3. g3 c5 4. d5 exd5 5. cxd5 d6 6. Nc3 g6 7. Bg2 Bg7 8. Nf3 O-O 9. O-O h6 10. Re1 a6 11. a4 Re8 12. h3 Ne4 13. Nxe4 Rxe4 14. Nd2 Rb4 15. Qc2 Nd7 16. e4 Rb8 17. Nc4 Ne5 18. Na3 b5 19. Bd2 Rxb2 20. Qc1 Nd3 21. Qd1 Nxe1 22. Bxe1 c4 23. Rc1 Ra2 24. Nc2 Rxa4 25. Nd4 Bd7 26. Bc3 b4 27. Nc6 Bxc6 28. Bxg7 Kxg7 29. dxc6 b3 30. Qd4+ Kg8 31. e5 dxe5 32. Qxe5 Ra5 33. Qf4 b2 34. Rb1 Rc5 35. Kh2 c3 36. Be4 c2 37. Rxb2 Rxb2 38. Bxg6 fxg6 39. c7 Rxc7 40. h4 c1=Q 41. Qe5 Rxf2+ 42. Kh3 Qd7+ 43. Qe6+ Qxe6+ 44. g4 h5 45. Kg3 Qf4+ 46. Kh3 Rf3+ 47. Kg2 Qfxg4+ 48. Kh1 Qxh4+ 49. Kg2 Qhg4+ 50. Kh1 a5 51. Kh2 a4 52. Kh1 a3 53. Kh2 a2 54. Kh1 g5 55. Kh2 h4 56. Kh1 Qf4 57. Kg2 Kf8 58. Kh1 Ke8 59. Kg2 Rh7 60. Kh1 Rh8 61. Kg2 Ra3 62. Kh1 Ra8 63. Kg2 Qd7 64. Kh1 Qd8 65. Kg2 a1=N 66. Kh1 Nc2 67. Kg2 Na3 68. Kh1 Nc4 69. Kg2 Na5 70. Kh1 Nc6 71. Kg2 Nb8 72. Kh1 h3 73. Kg1 Qe4 74. Kh2 Qd6+ 75. Kg1 g4 76. Kf2 h2 77. Kf1 Qd8 78. Kf2 h1=B 79. Kg3 Qf5 1/2-1/2


[Site "https://www.chess.com"]

[Event "Titled Tuesday Blitz March 08 Late 2022"]
[White "Leiva, Gianmarco"]
[Black "Todorovic, Bojan"]
[WhiteFideId "3804399"]
[BlackFideId "917087"]
[WhiteElo "2694"]
[BlackElo "2376"]
[Result "1-0"]
[Round "01"]
[TimeControl "180+1"]
[Date "2022.03.09"]
[WhiteClock "0:00:57"]
[BlackClock "0:00:28"]

1. e4 c5 2. Nf3 e6 3. g3 Nc6 4. Bg2 Nf6 5. Qe2 Be7 6. O-O O-O 7. Rd1 d5 8. exd5 Nxd5 9. d4 cxd4 10. Nxd4 Nxd4 11. Rxd4 Bf6 12. Rd1 Qb6 13. c4 Nb4 14. Be3 Qc7 15. Nc3 a6 16. Rac1 Bd7 17. a3 Nc6 18. Nd5 exd5 19. cxd5 Qe5 20. dxc6 Bxc6 21. Bxc6 bxc6 22. b4 Qb5 23. Qf3 a5 24. Qxc6 Qxc6 25. Rxc6 axb4 26. axb4 Rfb8 27. Rb1 Rb5 28. Rb6 Rxb6 29. Bxb6 Rb8 30. Bc5 Rb5 31. Kf1 g6 32. Ke2 Kg7 33. Kd3 h5 34. Kc4 Rb8 35. b5 Bd8 36. b6 Rb7 37. Kd5 1-0


[Site "https://www.chess.com"]

[Event "Titled Tuesday Blitz March 08 Late 2022"]
[White "Levin, Anthony"]
[Black "Zhurbinsky, David"]
[WhiteFideId "30940680"]
[BlackFideId "2072904"]
[WhiteElo "1872"]
[BlackElo "2540"]
[Result "0-1"]
[Round "01"]
[TimeControl "180+1"]
[Date "2022.03.09"]
[WhiteClock "0:00:20"]
[BlackClock "0:00:30"]

1. e4 e5 2. Nf3 Nc6 3. Bb5 a6 4. Ba4 Nf6 5. O-O Be7 6. Re1 b5 7. Bb3 O-O 8. h3 Bb7 9. a4 d6 10. c3 h6 11. d4 Re8 12. Nbd2 Bf8 13. d5 Ne7 14. Nf1 g6 15. Ng3 Bg7 16. Qe2 c6 17. dxc6 Bxc6 18. Rd1 Qc7 19. Bc2 Rad8 20. Be3 d5 21. exd5 Nexd5 22. axb5 axb5 23. Bc5 e4 24. Nd4 e3 25. Nf1 Nf4 26. Qe1 e2 27. Nxe2 Nxe2+ 28. Qxe2 Rxe2 29. Ng3 Rxc2 30. Rd7 Qxd7 31. Ra7 Qd1+ 0-1


[Site "https://www.chess.com"]

[Event "Titled Tuesday Blitz March 08 Late 2022"]
[White "Makarian, Rudik"]
[Black "Ronka, Erik"]
[WhiteFideId "44105681"]
[BlackFideId "505080"]
[WhiteElo "2388"]
[BlackElo "2264"]
[Result "1-0"]
[Round "01"]
[TimeControl "180+1"]
[Date "2022.03.08"]
[WhiteClock "0:02:18"]
[BlackClock "0:00:56"]

1. c4 c6 2. Nf3 d5 3. b3 Bg4 4. Bb2 e6 5. e3 Nf6 6. Be2 Nbd7 7. O-O Bd6 8. d4 O-O 9. Nbd2 Qe7 10. h3 Bh5 11. Ne5 Bxe2 12. Qxe2 Ba3 13. Ndf3 Bxb2 14. Qxb2 Nxe5 15. Nxe5 a5 16. a3 Nd7 17. Nd3 a4 18. cxd5 cxd5 19. bxa4 Qd6 20. Qb5 Ra6 21. Rfb1 Rb6 22. Qa5 Ra6 23. Qb4 Qxb4 24. axb4 Rfa8 25. Nc5 Nxc5 26. bxc5 R8a7 27. Rb4 Kf8 28. Rab1 Rxa4 29. Rxa4 Rxa4 30. Rxb7 g5 31. g4 Kg7 32. Kg2 Rc4 33. Kg3 Kg6 34. h4 gxh4+ 35. Kxh4 Rc2 36. Kg3 f6 37. Re7 e5 38. dxe5 fxe5 39. Re6+ Kf7 40. Rxe5 Rxc5 41. Rf5+ Kg6 42. Kf3 Ra5 43. Rh5 Rb5 44. Kg3 Ra5 45. Rf5 Rb5 46. Kh4 h6 47. e4 Rb2 48. exd5 Rd2 49. f3 Rg2 50. Kh3 Rd2 51. Kg3 Rd4 52. Kf2 Rd3 53. Ke2 Rd4 54. Ke3 Rd1 55. Ke4 Rd2 56. Ke5 1-0


[Site "https://www.chess.com"]

[Event "Titled Tuesday Blitz March 08 Late 2022"]
[White "Maksimovic, Bojan"]
[Black "Munoz, Francisco Javier"]
[WhiteFideId "14408120"]
[BlackFideId "128368"]
[WhiteElo "2718"]
[BlackElo "2400"]
[Result "1-0"]
[Round "01"]
[TimeControl "180+1"]
[Date "2022.03.09"]
[WhiteClock "0:00:03"]
[BlackClock "0:00:06"]

1. a3 e5 2. c4 Nf6 3. b4 g6 4. Bb2 d6 5. g3 Bg7 6. Bg2 O-O 7. d3 Nc6 8. Nd2 h6 9. Ngf3 Kh7 10. O-O a5 11. b5 Ne7 12. c5 Nd7 13. cxd6 cxd6 14. Nc4 Nb6 15. Nxb6 Qxb6 16. a4 Be6 17. Nd2 f5 18. Rc1 f4 19. Ne4 fxg3 20. hxg3 Nf5 21. Qd2 Bb3 22. Rc3 Bxa4 23. Rfc1 Bxb5 24. Ba3 Bc6 25. e3 Rfd8 26. R3c2 Qb3 27. Rc3 Qe6 28. Bh3 Qf7 29. Rb1 d5 30. Rxc6 bxc6 31. Nc5 Rdb8 32. Rc1 Rf8 33. Bg2 Rac8 34. Na4 c5 35. Nb6 d4 36. Nxc8 Rxc8 37. e4 Ne7 38. Bxc5 Nc6 39. Bh3 Rb8 40. Bd6 Rb6 41. Bc5 Rb5 42. Bd6 Nb4 43. Bxb4 axb4 44. Rb1 b3 45. Qb2 Qb7 46. Be6 Bf8 47. Bxb3 Kg7 48. Qc2 Be7 49. Qc4 Bg5 50. Qg8+ Kf6 51. Qf8+ Qf7 52. Qxf7# 1-0


[Site "https://www.chess.com"]

[Event "Titled Tuesday Blitz March 08 Late 2022"]
[White "Mangialardo, Tiago Carvalho"]
[Black "Rottenwohrer Suarez, Juan"]
[WhiteFideId "2130718"]
[BlackFideId "32068182"]
[WhiteElo "2087"]
[BlackElo "2158"]
[Result "0-1"]
[Round "01"]
[TimeControl "180+1"]
[Date "2022.03.09"]
[WhiteClock "0:00:05"]
[BlackClock "0:01:02"]

1. e4 c5 2. Nf3 e6 3. d4 cxd4 4. Nxd4 Nc6 5. Nc3 Qc7 6. Be2 Nf6 7. O-O a6 8. a3 Be7 9. Re1 O-O 10. Be3 b5 11. Nb3 Bb7 12. Bf3 Rfd8 13. Qe2 Ne5 14. Rad1 Rac8 15. Bd4 Nxf3+ 16. Qxf3 d5 17. e5 Nd7 18. Qg3 Nc5 19. Nc1 Ne4 20. Nxe4 dxe4 21. c3 Bc5 22. Qe3 Bxd4 23. cxd4 Qc2 24. Qb3 Bd5 25. Qxc2 Rxc2 26. Ne2 Rxb2 27. Nc3 Rb3 28. Nxe4 Bxe4 29. Rxe4 Rxa3 30. f4 g6 31. g4 b4 32. Kf2 Rc8 33. Rb1 Rc2+ 34. Ke1 a5 35. h4 Rh3 36. f5 Rh1# 0-1


[Site "https://www.chess.com"]

[Event "Titled Tuesday Blitz March 08 Late 2022"]
[White "Manukyan, Sargis A."]
[Black "Martirosyan, Haik M."]
[WhiteFideId "13303970"]
[BlackFideId "13306553"]
[WhiteElo "2187"]
[BlackElo "2735"]
[Result "0-1"]
[Round "01"]
[TimeControl "180+1"]
[Date "2022.03.08"]
[WhiteClock "0:00:09"]
[BlackClock "0:01:22"]

1. d4 g6 2. c4 Bg7 3. Nc3 d6 4. Nf3 Nd7 5. h3 e5 6. dxe5 dxe5 7. e3 Ngf6 8. Be2 O-O 9. O-O e4 10. Nd2 Re8 11. Qc2 Qe7 12. b3 c6 13. Bb2 h5 14. Rfd1 Nf8 15. Nf1 N8h7 16. Qd2 Ng5 17. Qd6 Qxd6 18. Rxd6 Nd7 19. Na4 Bxb2 20. Nxb2 h4 21. Rad1 Ne5 22. Rd8 Bf5 23. Rxa8 Rxa8 24. Na4 Kg7 25. Nc3 Re8 26. Nh2 a5 27. Na4 Ne6 28. Ng4 Bxg4 29. Bxg4 f5 30. Be2 Kf6 31. Kf1 g5 32. Rd6 Rd8 33. Rxd8 Nxd8 34. Nc5 Ke7 35. Ke1 Kd6 36. Na4 Ne6 37. Kd2 Nc5 38. Nxc5 Kxc5 39. Kc3 b5 40. cxb5 cxb5 41. a3 b4+ 42. axb4+ axb4+ 43. Kd2 Kd5 44. Ba6 Ke6 45. Be2 Kf6 46. Ke1 f4 47. Kd2 Kf5 48. f3 exf3 49. gxf3 Nd7 50. Bd3+ Ke5 51. Bc2 fxe3+ 52. Kxe3 Nf6 53. Be4 Nh5 54. Bb7 Nf4 55. Bc8 Nd5+ 56. Kd3 Kf4 57. Bg4 Ne3 58. Kd4 Nxg4 59. fxg4 Kg3 60. Kc4 Kxh3 61. Kxb4 Kxg4 62. Kc5 h3 63. b4 h2 64. b5 h1=Q 65. b6 Qb7 0-1


[Site "https://www.chess.com"]

[Event "Titled Tuesday Blitz March 08 Late 2022"]
[White "Martin Barcelo, Carles"]
[Black "Gledura, Benjamin"]
[WhiteFideId "24561444"]
[BlackFideId "712779"]
[WhiteElo "2405"]
[BlackElo "2727"]
[Result "0-1"]
[Round "01"]
[TimeControl "180+1"]
[Date "2022.03.09"]
[WhiteClock "0:00:05"]
[BlackClock "0:01:14"]

1. e4 Nf6 2. e5 Nd5 3. d4 d6 4. c4 Nb6 5. exd6 cxd6 6. Nc3 g6 7. h3 Bg7 8. Nf3 O-O 9. Be2 Nc6 10. O-O Bf5 11. a3 Rc8 12. b3 d5 13. c5 Na8 14. b4 a6 15. Bf4 Be4 16. Ne5 Bf5 17. Nxc6 Rxc6 18. a4 Rc8 19. b5 Nc7 20. c6 bxc6 21. b6 Ne6 22. b7 Nxf4 23. bxc8=Q Qxc8 24. Bf3 Qc7 25. h4 Qa7 26. g3 Bxd4 27. gxf4 Bxc3 28. Rc1 d4 29. Bxc6 Qc7 30. Bg2 Qxf4 31. Qf3 Qxh4 32. Qg3 Qxg3 33. fxg3 a5 34. Bc6 Rd8 35. Bb5 Rd6 36. Rfe1 e6 37. Re5 h5 38. Rc5 Kg7 39. Rd1 Bc2 40. Rf1 Be4 41. Rc7 Bf5 42. Kg2 Kf8 43. Kf3 Bb4 44. Kg2 d3 45. Kf3 d2 46. Be2 Bg4+ 47. Kf2 d1=Q 48. Bxd1 Bxd1 49. Rc8+ Kg7 50. Kg1 Bxa4 51. Rc7 Rd7 52. Rc4 Bb5 0-1


[Site "https://www.chess.com"]

[Event "Titled Tuesday Blitz March 08 Late 2022"]
[White "Martinez Alcantara, Jose Eduardo"]
[Black "Kopczynski, Michal"]
[WhiteFideId "3805662"]
[BlackFideId "1124200"]
[WhiteElo "2690"]
[BlackElo "2235"]
[Result "1-0"]
[Round "01"]
[TimeControl "180+1"]
[Date "2022.03.08"]
[WhiteClock "0:01:47"]
[BlackClock "0:00:36"]

1. e4 c5 2. Nf3 d6 3. c3 Nf6 4. h3 g6 5. Bd3 Bg7 6. Bc2 O-O 7. O-O Nc6 8. d4 cxd4 9. cxd4 h6 10. Nc3 e5 11. d5 Ne7 12. a4 Nh5 13. Re1 f5 14. exf5 Bxf5 15. Bxf5 Nxf5 16. Ne4 Nh4 17. Nxh4 Qxh4 18. Qg4 Qxg4 19. hxg4 Nf6 20. Nxf6+ Rxf6 21. Be3 Rf7 22. Rac1 b6 23. Rc6 Bf8 24. Rec1 Rd8 25. b4 Kg7 26. Kf1 Be7 27. Rc7 Bg5 28. Rxf7+ Kxf7 29. Rc7+ Kf6 30. Ke2 Ra8 31. Rd7 Bxe3 32. Kxe3 Kg5 33. Rxd6 Rc8 34. Rc6 Rd8 35. Ke4 Rf8 36. f3 Rf4+ 37. Kxe5 Rxb4 38. d6 Rb1 39. d7 Re1+ 40. Kd6 1-0


[Site "https://www.chess.com"]

[Event "Titled Tuesday Blitz March 08 Late 2022"]
[White "Maze, Sebastien"]
[Black "Peatman, Carter"]
[WhiteFideId "613762"]
[BlackFideId "2096480"]
[WhiteElo "2652"]
[BlackElo "2333"]
[Result "1-0"]
[Round "01"]
[TimeControl "180+1"]
[Date "2022.03.09"]
[WhiteClock "0:01:15"]
[BlackClock "0:00:50"]

1. e4 c5 2. Nf3 d6 3. Bb5+ Bd7 4. Bxd7+ Nxd7 5. O-O Ngf6 6. Qe2 Qc7 7. c3 e6 8. d4 cxd4 9. cxd4 d5 10. e5 Ne4 11. Nbd2 Nxd2 12. Bxd2 Be7 13. Rac1 Qb6 14. Rc3 O-O 15. Rb3 Qc7 16. Rc1 Qb8 17. h4 Rc8 18. Ng5 Rxc1+ 19. Bxc1 h6 20. Nh3 Qc7 21. Bd2 Qb6 22. Rxb6 axb6 23. Qb5 1-0


[Site "https://www.chess.com"]

[Event "Titled Tuesday Blitz March 08 Late 2022"]
[White "Mickiewicz, Piotr"]
[Black "Mekhitarian, Krikor Sevag"]
[WhiteFideId "1114891"]
[BlackFideId "2107660"]
[WhiteElo "2432"]
[BlackElo "2757"]
[Result "0-1"]
[Round "01"]
[TimeControl "180+1"]
[Date "2022.03.09"]
[WhiteClock "0:01:41"]
[BlackClock "0:01:02"]

1. e4 c5 2. Nf3 g6 3. d4 cxd4 4. Qxd4 Nf6 5. e5 Nc6 6. Qa4 Nd5 7. Qe4 Nb6 8. Nc3 Bg7 9. Bf4 d5 10. exd6 Bf5 11. Qe3 O-O 12. O-O-O exd6 13. Rxd6 Qc8 14. Bd3 Nb4 15. Bxf5 Qxf5 16. Qe4 Nxa2+ 17. Kd2 Bxc3+ 18. Ke3 Qc5+ 19. Ke2 Rfe8 20. Ne5 Bxe5 0-1


[Site "https://www.chess.com"]

[Event "Titled Tuesday Blitz March 08 Late 2022"]
[White "Miszler, Levente"]
[Black "Wagner, Dennis"]
[WhiteFideId "763276"]
[BlackFideId "24650684"]
[WhiteElo "2378"]
[BlackElo "2700"]
[Result "0-1"]
[Round "01"]
[TimeControl "180+1"]
[Date "2022.03.09"]
[WhiteClock "0:00:07"]
[BlackClock "0:00:19"]

1. Nf3 g6 2. c4 Bg7 3. g3 c5 4. Bg2 Nc6 5. O-O d6 6. Nc3 Be6 7. d3 Qc8 8. a3 Bh3 9. Rb1 Bxg2 10. Kxg2 h5 11. e4 Nf6 12. Nd5 e6 13. Nxf6+ Bxf6 14. b4 h4 15. b5 h3+ 16. Kg1 Nd4 17. Nxd4 Bxd4 18. Bb2 Bxb2 19. Rxb2 e5 20. f4 exf4 21. Rxf4 Qe6 22. Rbf2 Rh7 23. Rf6 Qe7 24. Qg4 a6 25. b6 Rd8 26. Qg5 Qe5 27. R6f5 Qa1+ 28. Rf1 Qd4+ 29. R5f2 Rd7 30. Qd2 Re7 31. Kh1 Kd7 32. Rf3 Kc6 33. Rb1 Kd7 34. Rbf1 Kc6 35. Rb1 Rh5 36. Qf2 Qxf2 37. Rxf2 f5 38. exf5 Rxf5 39. Rxf5 gxf5 40. Kg1 Re2 41. Rf1 Rg2+ 42. Kh1 Rd2 43. Kg1 Rxd3 44. Rxf5 Rxa3 45. Rh5 Rc3 46. Rxh3 a5 47. Rh8 a4 48. Ra8 Rxc4 49. h4 Kxb6 50. h5 Rg4 51. Kg2 Rg5 52. g4 Rxg4+ 53. Kh3 Rg1 54. Kh4 Rh1+ 55. Kg5 Kb5 56. h6 Kb4 57. Ra7 b5 58. h7 a3 59. Kg6 Kb3 60. Ra6 b4 61. Rxd6 c4 62. Kg7 Rxh7+ 63. Kxh7 a2 64. Ra6 Kb2 0-1


[Site "https://www.chess.com"]

[Event "Titled Tuesday Blitz March 08 Late 2022"]
[White "Mkrtchyan, Mariam"]
[Black "Muradli, Mahammad"]
[WhiteFideId "13310828"]
[BlackFideId "13409301"]
[WhiteElo "1984"]
[BlackElo "2611"]
[Result "1/2-1/2"]
[Round "01"]
[TimeControl "180+1"]
[Date "2022.03.08"]
[WhiteClock "0:00:24"]
[BlackClock "0:00:05"]

1. d4 d6 2. Nf3 g6 3. c4 Bg7 4. g3 Nf6 5. Bg2 O-O 6. O-O Nbd7 7. Nc3 c5 8. b3 cxd4 9. Nxd4 Nc5 10. Bb2 Bd7 11. Rc1 Qb6 12. e3 Rfc8 13. Qe2 a6 14. Rfd1 Rab8 15. h3 Qa5 16. a3 Qd8 17. b4 Ne6 18. Nxe6 Bxe6 19. c5 Qd7 20. Kh2 b5 21. cxd6 exd6 22. Qd2 Bb3 23. Re1 d5 24. Ne2 Bc4 25. Nf4 Rd8 26. Red1 Bb3 27. Re1 Ne4 28. Qe2 Bc4 29. Qc2 Rbc8 30. Bxg7 Kxg7 31. Red1 Qe7 32. Qb2+ Kg8 33. Nxd5 Bxd5 34. Rxc8 Rxc8 35. Rxd5 Nc3 36. Rd3 Qc7 37. Qd2 Nb1 38. Qd1 Nc3 39. Qc2 h5 40. h4 Qe5 41. Rd4 Rc7 42. Qd2 Nb1 43. Qb2 Nc3 44. Rd8+ Kh7 45. Rd3 Rc4 46. Bd5 Rc7 47. Bxf7 Qf5 48. Rxc3 Rxc3 49. Qxc3 Qxf2+ 50. Kh1 Qf1+ 51. Kh2 Qf2+ 52. Kh1 Qf1+ 53. Kh2 Qf2+ 1/2-1/2


[Site "https://www.chess.com"]

[Event "Titled Tuesday Blitz March 08 Late 2022"]
[White "Morris-Suzuki, Sophie"]
[Black "Jobava, Baadur"]
[WhiteFideId "30922615"]
[BlackFideId "13601520"]
[WhiteElo "2504"]
[BlackElo "2617"]
[Result "0-1"]
[Round "01"]
[TimeControl "180+1"]
[Date "2022.03.08"]
[WhiteClock "0:00:03"]
[BlackClock "0:01:30"]

1. e4 d6 2. d4 Nf6 3. Nc3 e5 4. Nf3 Nbd7 5. Bc4 Be7 6. O-O O-O 7. Qe2 c6 8. a4 Qc7 9. Rd1 h6 10. Nh4 Re8 11. Nf5 Bf8 12. Ba2 exd4 13. Nxd4 d5 14. f3 dxe4 15. Nxe4 Nxe4 16. fxe4 Nf6 17. Qc4 Rxe4 18. c3 Bg4 19. Rf1 Rae8 20. Qb3 Bc5 21. Bxh6 Rxd4 22. cxd4 Bxd4+ 23. Kh1 gxh6 24. Qc4 c5 25. Rxf6 Bxf6 26. Qxg4+ Bg7 27. Rf1 Re7 28. Qg6 c4 29. Qc2 c3 30. bxc3 Qxc3 31. Qf2 Bf6 32. h3 Kg7 33. Qxa7 Re2 34. Rf2 Qe1+ 35. Kh2 Be5+ 36. g3 Rxf2+ 37. Qxf2 Qxf2+ 38. Kh1 Qxa2 39. h4 Qf2 40. h5 Qxg3 41. a5 Qh2# 0-1


[Site "https://www.chess.com"]